 Dungeon Crawl Stone Soup version 0.28-a0-1412-gf95308ed99 (webtiles) character file.

Game seed: 14722793355578452049

1519 willcat the Conjurer (level 8, 0/59 HPs)
             Began as a Gnoll Conjurer on Jan 7, 2022.
             Slain by a komodo dragon (21 damage)
             ... on level 6 of the Dungeon.
             The game lasted 00:07:57 (6445 turns).

willcat the Conjurer (Gnoll Conjurer)               Turns: 6445, Time: 00:07:59

Health: 0/59       AC:  7    Str:  6    XL:     8   Next: 84%
Magic:  17/17      EV: 10    Int: 20    God:
Gold:   246        SH:  0    Dex: 11    Spells: 16/19 levels left

rFire   + . .      SeeInvis .   r - +4 morningstar (holy)
rCold   . . .      Faith    .   (no shield)
rNeg    . . .      Spirit   .   n - +2 ring mail {rF+}
rPois   .          Reflect  .   (no helmet)
rElec   .          Harm     .   (no cloak)
rCorr   .          Rampage  .   (no gloves)
Will    +....                   (no boots)
Stlth   ++........              e - amulet of the acrobat
HPRegen 0.19/turn               p - ring of willpower
MPRegen 0.15/turn               (no ring)

@: no status effects
A: fangs 1, strong nose, distributed training
a: no special abilities


You were on level 6 of the Dungeon.
You visited 1 branch of the dungeon, and saw 6 of its levels.

You collected 246 gold pieces.

Inventory:

Hand Weapons
 r - a +4 morningstar of holy wrath (weapon)
Armour
 a - a +0 robe
 n - a +2 ring mail of fire resistance (worn)
 o - a +0 kite shield
 q - a +0 buckler
Jewellery
 e - an amulet of the acrobat (around neck)
 p - a ring of willpower (left hand)
Wands
 z - a wand of iceblast (14)
 A - a wand of digging (3)
Scrolls
 c - a scroll of fog {unknown}
 d - 5 scrolls of teleportation {unknown}
 g - 7 scrolls of identify {unknown}
 j - 2 scrolls of enchant armour {unknown}
 t - a scroll of acquirement {unknown}
 w - a scroll of enchant weapon {unknown}
 x - a scroll of noise {unknown}
 y - a scroll of vulnerability {unknown}
Potions
 b - 2 potions of flight {unknown}
 f - 2 potions of degeneration {unknown}
 h - a potion of brilliance {unknown}
 i - a potion of cancellation {unknown}
 k - 2 potions of haste {unknown}
 l - 2 potions of lignification
 m - a potion of invisibility {unknown}
 s - a potion of mutation {unknown}
 u - a potion of resistance {unknown}
 v - a potion of heal wounds {unknown}
 B - a potion of curing {unknown}


   Skills:
 + Level 3.6 Fighting
 + Level 3.6 Short Blades
 + Level 3.6 Long Blades
 + Level 3.6 Axes
 + Level 3.6 Maces & Flails
 + Level 3.6 Polearms
 + Level 3.6 Staves
 + Level 3.6 Slings
 + Level 3.6 Bows
 + Level 3.6 Crossbows
 + Level 3.6 Throwing
 + Level 3.6 Armour
 + Level 5.9 Dodging
 + Level 5.6 Stealth
 + Level 3.6 Shields
 + Level 3.6 Unarmed Combat
 + Level 6.2 Spellcasting
 + Level 7.7 Conjurations
 + Level 3.0 Hexes
 + Level 3.0 Summonings
 + Level 3.0 Necromancy
 + Level 3.0 Translocations
 + Level 3.0 Transmutations
 + Level 3.0 Fire Magic
 + Level 3.0 Ice Magic
 + Level 3.0 Air Magic
 + Level 3.0 Earth Magic
 + Level 3.0 Poison Magic
 + Level 4.0 Invocations
 + Level 3.6 Evocations


You had 16 spell levels left.
You knew the following spells:

 Your Spells              Type           Power      Damage    Failure   Level
a - Magic Dart            Conj           100%       1d8       1%          1
b - Searing Ray           Conj           74%        2d7       2%          2

Your spell library contained the following spells:

 Spells                   Type           Power      Damage    Failure   Level
 Animate Skeleton         Necr           36%        N/A       11%         1
 Pain                     Necr           72%        1d7       11%         1
 Slow                     Hex            72%        N/A       11%         1
 Dazzling Flash           Conj/Hex       54%        N/A       12%         3
 Confusing Touch          Hex            18%        N/A       32%         3
 Vampiric Draining        Necr           18%        2d7       32%         3
 Fulminant Prism          Conj/Hex       13%        3d9       38%         4
 Iskenderun's Mystic Bla  Conj/Tloc      27%        2d7       38%         4


Dungeon Overview and Level Annotations

Branches:
Dungeon (6/15)
 Temple: D:4-7

Altars:
Trog

Shops:
D:4 [   D:5 :

Annotations:
D:6 1 transporter, bronco's ghost, novice OpVM


Innate Abilities, Weirdness & Mutations

You have very sharp teeth.
Your uncanny sense of smell can sniff out nearby items.
Your experience applies equally to all skills.


Message History

B - a dark potion A komodo dragon and a zombie come into view.
The komodo dragon hisses angrily.
There are monsters nearby!
Found a falchion.
You hit the bullfrog zombie.
The bullfrog zombie convulses.
The bullfrog zombie is lightly damaged.
A centaur zombie comes into view.
The bullfrog zombie misses you. The bullfrog zombie hits you.
The centaur zombie moves out of view.
You hit the bullfrog zombie.
The bullfrog zombie convulses.
The bullfrog zombie is moderately damaged.
The bullfrog zombie hits you. x2
You hit the bullfrog zombie.
The bullfrog zombie convulses.
You bite the bullfrog zombie, but do no damage.
The bullfrog zombie is severely damaged.
The bullfrog zombie hits you but does no damage.
You thump the bullfrog zombie!
You destroy the bullfrog zombie!
The komodo dragon bites you!!
The centaur zombie barely misses you. x2
The komodo dragon misses you.
Your Hexes skill increases to level 3!
Your Summonings skill increases to level 3!
Your Necromancy skill increases to level 3!
Your Translocations skill increases to level 3!
Your Transmutations skill increases to level 3!
Your Fire Magic skill increases to level 3!
Your Ice Magic skill increases to level 3!
Your Air Magic skill increases to level 3!
Your Earth Magic skill increases to level 3!
Your Poison Magic skill increases to level 3!
Unknown command.
Unknown command.
You hit the centaur zombie.
The centaur zombie convulses.
The centaur zombie is lightly damaged.
The centaur zombie hits you.
The centaur zombie kicks you but does no damage.
A wyvern zombie comes into view.
The komodo dragon bites you!!
You die...

♣.♣ ## Z ♣.. .# .♣
♣.♣..### ♣. ♣.....# #
♣.♣ ♣.♣.## #.♣.. .♣...#
##.... ♣♣.♣..## ###
#..).Z♣♣♣♣♣..♣...#..###
♣@♣.....#..##..#..
♣l.♣.♣♣.#..#...#W#
#.....♣♣♣.♣#........#.O
...... #...#..#.....#O.
.......#......#....©#(#
.......#............#O.
.....(.............©#)#
.................#..#..
.................#..


You could see a komodo dragon, a wyvern zombie (wandering) and a centaur zombie.

Vanquished Creatures
  Menkaure (D:4)
  A hornet zombie (D:6)
  An ice beast (D:4)
  An ogre (D:5)
  A necrophage (D:4)
  A centaur (D:5)
  3 scorpions
  A water moccasin skeleton (D:6)
  3 bullfrog zombies
  A hound (D:6)
  A centaur zombie (D:6)
  3 jellies
  Crazy Yiuf (D:3)
  4 orc priests
  An iguana (D:5)
  Natasha (thrice) (D:3)
  An orc wizard (D:4)
  A hound skeleton (D:5)
  A howler monkey zombie (D:6)
  5 adders
  2 white imps (D:5)
  An ufetubus (D:4)
  3 worms
  A dart slug (D:5)
  24 orcs
  9 endoplasms
  5 giant cockroaches
  6 goblins
  5 hobgoblins
  A jackal (D:1)
  5 quokkas
  11 ball pythons
  4 bats
  2 frilled lizards (D:1)
  5 kobolds
  4 rats (D:1)
123 creatures vanquished.

Notes
Turn   | Place    | Note
-------+----------+-------------------------------------------
     0 | D:1      | willcat the Gnoll Conjurer began the quest for the Orb.
     0 | D:1      | Reached XP level 1. HP: 13/13 MP: 6/6
   259 | D:1      | Reached XP level 2. HP: 19/19 MP: 5/7
   667 | D:1      | Learned a level 2 spell: Searing Ray
   810 | D:1      | Reached XP level 3. HP: 25/25 MP: 6/9
   852 | D:1      | Reached skill level 5 in Spellcasting
  1182 | D:2      | Reached skill level 1 in Invocations
  1491 | D:2      | Found a faded altar of an unknown god.
  1552 | D:2      | Reached skill level 1 in Fighting
  1552 | D:2      | Reached skill level 1 in Short Blades
  1552 | D:2      | Reached skill level 1 in Long Blades
  1552 | D:2      | Reached skill level 1 in Axes
  1552 | D:2      | Reached skill level 1 in Maces & Flails
  1552 | D:2      | Reached skill level 1 in Polearms
  1552 | D:2      | Reached skill level 1 in Staves
  1552 | D:2      | Reached skill level 1 in Slings
  1552 | D:2      | Reached skill level 1 in Bows
  1552 | D:2      | Reached skill level 1 in Crossbows
  1552 | D:2      | Reached skill level 1 in Throwing
  1552 | D:2      | Reached skill level 1 in Armour
  1552 | D:2      | Reached skill level 1 in Shields
  1552 | D:2      | Reached skill level 1 in Unarmed Combat
  1552 | D:2      | Reached skill level 1 in Evocations
  2090 | D:3      | Found a bloodstained altar of Trog.
  2141 | D:3      | Reached XP level 4. HP: 32/32 MP: 3/11
  2389 | D:3      | Noticed Natasha
  2394 | D:3      | Killed Natasha
  2395 | D:3      | Reached skill level 1 in Hexes
  2395 | D:3      | Reached skill level 1 in Summonings
  2395 | D:3      | Reached skill level 1 in Necromancy
  2395 | D:3      | Reached skill level 1 in Translocations
  2395 | D:3      | Reached skill level 1 in Transmutations
  2395 | D:3      | Reached skill level 1 in Fire Magic
  2395 | D:3      | Reached skill level 1 in Ice Magic
  2395 | D:3      | Reached skill level 1 in Air Magic
  2395 | D:3      | Reached skill level 1 in Earth Magic
  2395 | D:3      | Reached skill level 1 in Poison Magic
  2635 | D:3      | Found a runed translucent door.
  2636 | D:3      | Noticed Crazy Yiuf
  3002 | D:3      | Noticed Natasha
  3005 | D:3      | Killed Natasha
  3005 | D:3      | Noticed Natasha
  3006 | D:3      | Reached XP level 5. HP: 37/37 MP: 8/12
  3013 | D:3      | Killed Natasha
  3124 | D:3      | Killed Crazy Yiuf
  3372 | D:4      | Noticed a necrophage
  3379 | D:4      | Killed a necrophage
  3380 | D:4      | Reached XP level 6. HP: 44/44 MP: 5/14
  3453 | D:4      | Reached skill level 5 in Dodging
  3634 | D:4      | Noticed an ice beast
  3977 | D:4      | Found Getergh's Armour Boutique.
  4014 | D:4      | Reached XP level 7. HP: 50/50 MP: 6/15
  4495 | D:4      | Noticed Menkaure
  4501 | D:4      | Killed Menkaure
  4603 | D:4      | Reached skill level 5 in Stealth
  4955 | D:5      | Entered Level 5 of the Dungeon
  4955 | D:5      | Found Gelojim's Book Emporium.
  5226 | D:5      | Reached XP level 8. HP: 39/57 MP: 16/16
  6404 | D:6      | Found a transporter.
  6413 | D:6      | Noticed bronco's ghost (novice OpVM)
  6439 | D:6      | Noticed a komodo dragon
  6445 | D:6      | Slain by a komodo dragon

Illustrated notes

Levels and vault maps discovered:
D:1:      nagdon_arrival_double_spiral, layout_basic, minmay_ruptured
D:2:      layout_loops_ring, shapermc_ecumenical_altar_hornbeckon,
          grunt_ministairs_14
D:3:      layout_basic, bloody_trog, chequers_serial_rivers_small_3,
          uniq_crazy_yiuf_cottage, uniq_natasha
D:4:      layout_gridville, serial_shops, shop, minmay_divided_ellipse,
          uniq_menkaure
D:5:      layout_basic, serial_shops, nicolae_stop_n_shop_2
D:6:      layout_cave_pools, nicolae_yredelemnul_corpse_copse,
          mainiacjoe_overflow_alcove_2, gammafunk_ghost_smash

Skill      XL: |  1  2  3  4  5  6  7  8 |
---------------+-------------------------+-----
Spellcasting   | 5 6 |  6.2
Invocations    | 1 2 3 4 |  4.0
Fighting       | 1 2 3 |  3.6
Short Blades   | 1 2 3 |  3.6
Long Blades    | 1 2 3 |  3.6
Axes           | 1 2 3 |  3.6
Maces & Flails | 1 2 3 |  3.6
Polearms       | 1 2 3 |  3.6
Staves         | 1 2 3 |  3.6
Slings         | 1 2 3 |  3.6
Bows           | 1 2 3 |  3.6
Crossbows      | 1 2 3 |  3.6
Throwing       | 1 2 3 |  3.6
Armour         | 1 2 3 |  3.6
Shields        | 1 2 3 |  3.6
Unarmed Combat | 1 2 3 |  3.6
Evocations     | 1 2 3 |  3.6
Hexes          | 1 2 3 |  3.0
Summonings     | 1 2 3 |  3.0
Necromancy     | 1 2 3 |  3.0
Translocations | 1 2 3 |  3.0
Transmutations | 1 2 3 |  3.0
Fire Magic     | 1 2 3 |  3.0
Ice Magic      | 1 2 3 |  3.0
Air Magic      | 1 2 3 |  3.0
Earth Magic    | 1 2 3 |  3.0
Poison Magic   | 1 2 3 |  3.0
Dodging        | 5 |  5.9
Stealth        | 5 |  5.6
Conjurations   | |  7.7

Action                   |  1- 3 |  4- 6 |  7- 9 || total
-------------------------+-------+-------+-------++-------
Melee: Dagger            |       |     3 |       ||     3
       Morningstar       |       |       |   131 ||   131
       Bite              |       |       |    16 ||    16
       Punch             |       |       |     1 ||     1
 Cast: Magic Dart        |    64 |    35 |     3 ||   102
       Searing Ray       |     2 |    13 |    12 ||    27
  Use: Potion            |       |       |     1 ||     1
 Stab: Sleeping          |       |       |     3 ||     3
Armor: Robe              |     1 |     4 |       ||     5
       Ring mail         |       |       |    59 ||    59
       Skin              |       |       |     3 ||     3
Dodge: Dodged            |       |    16 |   118 ||   134

Table legend: (Time is in decaauts)
 A = Elapsed time spent in this place.
 B = Non-inter-level travel time spent in this place.
 C = Inter-level travel time spent in this place.
 D = Time resting spent in this place.
 E = Time spent auto-exploring this place.
 F = Levels seen in this place.
 G = Mean time per level.
                   A        B        C        D        E       F      G
               +--------+--------+--------+--------+--------+-----+--------+
         Total |   6496 |   6196 |    300 |    462 |   4819 |   6 | 1082.7 |
       Dungeon |   6496 |   6196 |    300 |    462 |   4819 |   6 | 1082.7 |
               +--------+--------+--------+--------+--------+-----+--------+

Top non-repeatable levels by time:
     D:4: 1594 daAuts
     D:3: 1378 daAuts
     D:5: 1244 daAuts
     D:1: 1104 daAuts
     D:2: 894 daAuts
     D:6: 280 daAuts
